 Dungeon Crawl Stone Soup version 0.30-a0-643-g638baaf3f0 (webtiles) character file.

Game seed: 12662222055284702419

32 HoaS the Ruffian (level 2, -5/25 HPs)
             Began as a Demigod Fighter on Jan 16, 2023.
             Slain by a gnoll
             ... wielding a +0 flail
              (7 damage)
             ... on level 1 of the Dungeon.
             The game lasted 00:04:19 (1256 turns).

HoaS the Ruffian (Demigod Fighter)                  Turns: 1256, Time: 00:04:20

Health: -5/25      AC:  6    Str: 17    XL:     2   Next: 96%
Magic:  4/4        EV:  9    Int: 10    God:
Gold:   42         SH:  0    Dex: 13    Spells: 1/1 levels left

rFire   . . .      SeeInvis .      - Unarmed
rCold   . . .      Faith    .    (no shield)
rNeg    . . .      Spirit   .    a - +0 scale mail
rPois   .          Reflect  .    (no helmet)
rElec   .          Harm     .    (no cloak)
rCorr   .          Rampage  .    (no gloves)
Will    .....                    (no boots) Stlth
                                 (no amulet)
HPRegen 0.24/turn                (no ring)
MPRegen 0.09/turn                (no ring)

@: no status effects
A: high MP 1, forlorn, divine attributes
a: no special abilities


You were on level 1 of the Dungeon.
You visited 1 branch of the dungeon, and saw 2 of its levels.

You collected 42 gold pieces.

Inventory:

Armour
 a - a +0 scale mail (worn)
Scrolls
 b - 2 scrolls of identify
 d - 2 scrolls of teleportation
Potions
 c - a potion of might
 f - a potion of invisibility


   Skills:
 - Level 2.6 Fighting
 - Level 2.6 Armour
 - Level 2.6 Shields
 + Level 3.3 Unarmed Combat


You had one spell level left.
You didn't know any spells.
Your spell library was empty.

Dungeon Overview and Level Annotations

Branches:
Dungeon (2/15)


Innate Abilities, Weirdness & Mutations

You have an increased reservoir of magic. (+10% MP)
You shall have no god before yourself.
Your divine heritage dramatically boosts your attributes as you level up.


Message History

You swing at nothing.
You swing at nothing.
You start resting.
HP restored.
You see here an adder corpse.
Found a spear.
Found a stone staircase leading down.
You see here a +0 spear.
There is a stone staircase leading down here.
A gnoll comes into view. It is wielding a +0 flail.
The gnoll shouts!
You hear a shout!
A gnoll comes into view. It is wielding a +0 spear.
You hear a shout! x2
You see here an adder corpse.
A gnoll is nearby!
The gnoll completely misses you.
You closely miss the gnoll. The gnoll closely misses you.
You hit the gnoll.
The gnoll is lightly wounded.
The gnoll hits you with a +0 flail.
You barely miss the gnoll.
The gnoll is lightly wounded.
The gnoll hits you from afar with a +0 spear.
The gnoll hits you but does no damage.
You closely miss the gnoll.
The gnoll is lightly wounded.
The gnoll hits you with a +0 flail.
The gnoll hits you from afar with a +0 spear.
The gnoll attacks as you move away! The gnoll hits you with a +0 flail.
* * * LOW HITPOINT WARNING * * *
The gnoll attacks as you move away! The gnoll completely misses you.
There is an escape hatch in the ceiling here.
The gnoll hits you with a +0 flail.
* * * LOW HITPOINT WARNING * * *
A mysterious force pulls you upwards. The hatch slams shut behind you.
You completely miss the gnoll.
The gnoll is lightly wounded.
You closely miss the gnoll. Your punch misses the gnoll.
The gnoll is lightly wounded.
The gnoll hits you with a +0 flail!
You die...

#####...........##.........
##.....#######'####.........
##..##.## #.# #.........
#..###.# ######'##
#.........
#..###.###.......#
#......###
#.#.##w##.#......#
#......##.
#.##.....##......#
#......##.
#.###...###.g....#
#......#..
#.##..w..##.@....#
#......#.#
#.#.##.##.#.###'##
########.# #..###.###..# #.#
#... #### #.####.# #.# #...
#.##...# #.# ####.##
#....### #.# #....# ######
#.# #.#### #w# #.#
#.#######w#


You could see a gnoll.

Vanquished Creatures
  An adder (D:2)
  2 worms (D:1)
  2 endoplasms (D:1)
  A giant cockroach (D:1)
  A goblin (D:1)
  6 jackals (D:1)
  A frilled lizard (D:2)
  3 rats (D:1)
17 creatures vanquished.

Notes
Turn   | Place    | Note
-------+----------+-------------------------------------------
     0 | D:1      | HoaS the Demigod Fighter began the quest for the Orb.
     0 | D:1      | Reached XP level 1. HP: 18/18 MP: 3/3
    77 | D:1      | Reached skill level 2 in Unarmed Combat
   319 | D:1      | Reached XP level 2. HP: 20/25 MP: 4/4
   815 | D:1      | Reached skill level 3 in Unarmed Combat
  1253 | D:2      | HP: 1/25 [gnoll/+0 flail (5)]
  1256 | D:1      | Slain by a gnoll

Illustrated notes

Levels and vault maps discovered:
D:1:      wheals_arrival_linesprint, layout_basic, hex_intersection,
          nicolae_wormholes
D:2:      layout_loops_ring, basic_altar

Skill      XL: |  1  2 |
---------------+-------+-----
Unarmed Combat | 2 3 |  3.3
Fighting       | |  2.6
Armour         | |  2.6
Shields        | |  2.6

Action                   || total
-------------------------++-------
Melee: Unarmed           ||   121
       Punch             ||     1
  Use: Scroll            ||     5
Armor: Scale mail        ||    47
Dodge: Dodged            ||    56

Table legend: (Time is in decaauts)
 A = Elapsed time spent in this place.
 B = Non-inter-level travel time spent in this place.
 C = Inter-level travel time spent in this place.
 D = Time resting spent in this place.
 E = Time spent auto-exploring this place.
 F = Levels seen in this place.
 G = Mean time per level.
                   A        B        C        D        E       F      G
               +--------+--------+--------+--------+--------+-----+--------+
         Total |   1249 |   1225 |     24 |    135 |    666 |   2 |  624.5 |
       Dungeon |   1249 |   1225 |     24 |    135 |    666 |   2 |  624.5 |
               +--------+--------+--------+--------+--------+-----+--------+

Top non-repeatable levels by time:
     D:1: 1025 daAuts
     D:2: 223 daAuts
